AoeStats
← Tand00riKnight

Golden Pit

510142349Analyzed
1v1 RM · 3d ago on Sep 29, 2026· 45m 54s· 2 players
Game mode
Random Map
Map size
Tiny (2 player)
Population
200
Speed
Normal
Resources
Standard
Victory
Conquest
Starting age
Dark Age
Ending age
Imperial Age
RankedLock teamsTeams togetherTeam positionsShared explorationLock speedFull tech treeHidden civsTurbo modeCheats
Victory
Defeat
🇮🇳 Khmer · India
991
+15
🇻🇳 Japanese · Vietnam
972
-15
baophux7
10:06 Feudal Age
8:21 Loom
11:02 Double-Bit Axe
11:24 Man-at-Arms
23:31 Castle Age
21:44 Gold Mining
22:27 Horse Collar
27:17 Bow Saw
27:39 Forging
30:49 Wheelbarrow
31:39 Fletching
35:05 Scale Barding Armor
43:38 Light Cavalry
Tand00riKnight
7:52 Loom
10:38 Feudal Age
11:11 Man-at-Arms
18:09 Fletching
24:01 Castle Age
22:17 Double-Bit Axe
24:05 Crossbowman
25:00 Bodkin Arrow
28:52 Padded Archer Armor
Connection lost

Rejoining the realm…

Still unreachable

The connection could not be restored.

Session expired

The server has moved on; the page needs a fresh start.